Map: Iron Fortress LE (Void)

Players

Javert

  • Race: Zerg Zerg
  • League: Grandmaster

LoVe

  • Race: Zerg Zerg
  • League: Grandmaster

VOD

Have the link to the VOD?

Description

Time

  • Played on: July 7, 2015, 11:07 p.m.
  • Length: 1:58
Show
View Real Time Build Order
Export as new Build Order

Javert Zerg 

Build Orders: Hatch First 

Get SALT Encoding   

  12  0:01  Drone  
  13  0:13  Overlord  
  13  0:18  Drone  
  14  0:32  Drone x2  
  16  0:51  Hatchery  
  16  0:54  Drone  
  16  0:56  Extractor  
  15  0:59  Drone  
  15  1:03  Drone  
  17  1:08  Drone  
  18  1:21  Spawning Pool  
  18  1:24  Drone  
  18  1:33  Drone  
Show
View Real Time Build Order
Export as new Build Order

LoVe Zerg 

Build Orders: Hatch First 

Get SALT Encoding   

  12  0:03  Drone  
  13  0:12  Overlord  
  13  0:17  Drone  
  14  0:23  Drone, Extractor  
  15  0:30  Drone  
  15  0:35  Drone  
  17  0:46  Drone  
  18  0:57  Hatchery, Drone  
  18  1:11  Spawning Pool  
  18  1:13  Drone  
  18  1:16  Extractor  
  18  1:18  Drone  
  18  1:29  Drone  
  19  1:39  Drone  
  20  1:43  Hatchery  
Tags
 
Add a new tag
Caveats
  • Supply blocks, unpowered buildings, or Contaminate may cause inaccurate times.
  • Supply counts are checked every 10 seconds.